AoeStats
← Nego D

Lombardia

508077124Analyzed
2v2 RM · 12d ago on Sep 20, 2026· 25m 20s· 4 players
Game mode
Random Map
Map size
Medium (4 player)
Population
200
Speed
Normal
Resources
Standard
Victory
Conquest
Starting age
Dark Age
Ending age
Imperial Age
RankedLock teamsTeams togetherTeam positionsShared explorationLock speedFull tech treeHidden civsTurbo modeCheats
Victory
Defeat
🇨🇦 Saracens · Canada
1352
+12
🇨🇦 Mongols · Canada
1302
+13
🇨🇱 Mongols · Chile
1260
-13
🇧🇷 Franks · Brazil
1243
-12
kalelc
0:52 Loom
3:50 Loom
5:43 Loom
9:12 Feudal Age
9:48 Double-Bit Axe
Nego D
0:26 Loom
10:04 Feudal Age
10:39 Double-Bit Axe
16:59 Scale Barding Armor
17:05 Forging
21:07 Fletching
Steve the Ishvalan
7:54 Loom
10:17 Feudal Age
10:50 Double-Bit Axe
15:46 Fletching
cliff
3:56 Loom
5:08 Loom
9:26 Feudal Age
12:24 Double-Bit Axe
13:58 Wheelbarrow
19:13 Town Watch
21:36 Castle Age
20:00 Bloodlines
22:33 Scale Barding Armor
22:24 Gold Mining
23:25 Horse Collar
24:23 Chain Barding Armor
Connection lost

Rejoining the realm…

Still unreachable

The connection could not be restored.

Session expired

The server has moved on; the page needs a fresh start.